Map: Curious Minds LE

Players

A.I. 1 (Very Easy)

  • Race: Zerg Zerg

RustyShacky - Winner!

  • Race: Terran Terran
  • League: Diamond

VOD

Have the link to the VOD?

Description

Time

  • Played on: May 1, 2022, 11:49 p.m.
  • Length: 11:51
Show
View Real Time Build Order
Export as new Build Order

A.I. 1 (Very Easy) Zerg 

Build Orders: Pool First 

Get SALT Encoding   

  12  0:01  Drone  
  13  0:12  Overlord  
  13  0:16  Drone  
  14  0:34  Spawning Pool  
  13  0:37  Drone  
  13  0:41  Extractor  
  13  0:44  Drone  
  14  0:51  Overlord  
  14  1:22  Queen, Zergling x2  
  17  1:31  Roach Warren  
  16  1:33  Extractor  
  16  1:36  Drone  
  16  1:43  Drone  
  17  1:49  Zergling x2  
  18  2:02  Drone  
  19  2:10  Drone  
  20  2:17  Zergling x2  
  20  2:19  Drone  
  22  2:28  Overlord  
  22  2:32  Drone  
  23  2:39  Drone  
  24  2:45  Roach  
  24  2:47  Drone  
  27  4:04  Zergling x2  
  27  7:20  Drone  
  27  7:21  Roach, Lair  
  27  7:22  Overlord  
  30  7:28  Hatchery, Drone  
  27  7:35  Drone  
  26  7:42  Drone  
  27  7:50  Roach  
  29  8:18  Overseer  
  29  8:19  Overseer  
  29  8:26  Roach  
  31  8:41  Drone  
  32  8:48  Drone  
  33  8:51  Extractor  
  33  8:53  Extractor  
  33  8:55  Drone  
  28  9:02  Drone  
  27  9:03  Roach  
  27  9:09  Drone  
  30  9:17  Drone  
  31  9:24  Drone  
  32  9:31  Drone  
  34  9:38  Drone  
  34  9:39  Roach  
  37  9:45  Drone  
  38  9:52  Drone  
  38  10:00  Drone  
  39  10:07  Drone  
  40  10:14  Drone  
  40  10:15  Zergling x2  
  42  10:22  Drone  
  42  10:23  Overlord  
  43  10:29  Drone  
  44  10:36  Drone  
  40  10:43  Drone  
  41  10:51  Drone  
  41  10:52  Roach, Overseer  
  41  10:53  Overlord  
  44  11:09  Drone  
  37  11:14  Overlord  
  37  11:16  Drone  
  26  11:24  Drone  
  26  11:32  Drone  
Show
View Real Time Build Order
Export as new Build Order

RustyShacky Terran - Winner!

Build Orders: Mech 

Get SALT Encoding   

  12  0:00  SCV  
  13  0:12  SCV  
  14  0:17  Supply Depot  
  14  0:24  SCV  
  15  0:38  SCV  
  15  0:41  Barracks  
  16  0:45  Refinery  
  16  0:50  SCV  
  17  1:03  SCV  
  18  1:16  SCV  
  19  1:30  Marine  
  19  1:32  Orbital Command  
  20  1:42  Command Center  
  20  1:48  Marine  
  21  2:00  SCV  
  21  2:04  Supply Depot  
  21  2:06  Marine  
  22  2:12  SCV  
  23  2:16  Factory  
  23  2:25  SCV  
  24  2:31  Bunker  
  24  2:34  Refinery  
  24  2:37  SCV  
  25  2:49  SCV  
  26  2:54  Orbital Command  
  26  2:57  Refinery  
  26  3:01  SCV  
  26  3:02  Factory Tech Lab, Starport  
  27  3:09  Barracks Reactor  
  27  3:14  SCV  
  28  3:20  Siege Tank  
  28  3:23  SCV  
  28  3:26  SCV  
  33  3:33  Supply Depot  
  33  3:35  SCV  
  33  3:38  SCV  
  35  3:42  Fusion Core  
  36  3:48  SCV  
  36  3:50  SCV  
  36  3:52  Viking  
  39  3:56  Supply Depot  
  39  4:00  SCV  
  39  4:02  SCV  
  41  4:09  Hellion  
  43  4:10  Hellion  
  43  4:12  SCV  
  43  4:14  SCV  
  47  4:21  Supply Depot  
  47  4:24  SCV  
  47  4:26  SCV  
  49  4:33  Battlecruiser  
  49  4:37  SCV  
  56  4:38  Refinery  
  56  4:43  Supply Depot  
  56  4:45  Hellion  
  58  4:46  SCV  
  58  4:50  Hellion  
  58  4:52  SCV  
  62  4:55  Barracks Tech Lab  
  62  5:05  Command Center  
  63  5:07  SCV  
  63  5:08  SCV  
  64  5:22  SCV x2  
  64  5:23  Factory  
  64  5:24  Factory  
  64  5:25  Supply Depot  
  66  5:31  Hellion  
  66  5:32  Hellion  
  70  5:43  Battlecruiser  
  70  5:49  Supply Depot  
  76  5:55  Hellion x2  
  80  6:05  Supply Depot  
  80  6:06  Siege Tank  
  80  6:07  Factory Tech Lab  
  80  6:11  Armory  
  83  6:15  SCV x2, Armory  
  85  6:19  Hellion  
  85  6:20  Hellion  
  89  6:26  Siege Tank  
  92  6:34  SCV x2  
  92  6:37  Orbital Command  
  94  6:41  Hellion  
  94  6:46  SCV x2  
  98  6:52  Battlecruiser  
  104  6:58  SCV x2  
  106  7:04  SCV  
  106  7:07  Thor  
  113  7:10  SCV x2  
  115  7:16  SCV, Supply Depot  
  115  7:18  Supply Depot  
  115  7:19  Thor  
  123  7:22  SCV  
  123  7:23  SCV  
  123  7:29  SCV  
  125  7:33  Terran Vehicle And Ship Armor Level 1  
  125  7:34  Terran Vehicle Weapons Level 1  
  125  7:37  SCV x2  
  125  7:38  Refinery x2, Hellion x2  
  125  7:43  SCV  
  132  7:50  SCV x2  
  134  7:52  Thor  
  134  7:55  SCV, Supply Depot  
  134  7:56  Supply Depot  
  141  8:01  Supply Depot  
  141  8:16  Siege Tank, SCV  
  141  8:17  Hellion x2  
  149  8:21  Factory, Engineering Bay  
  149  8:22  Factory  
  149  8:30  Supply Depot  
  149  8:31  Supply Depot  
  149  8:35  Thor, Supply Depot  
  149  8:38  Hellion x2  
  159  8:48  Thor  
  159  8:51  Weapon Refit  
  165  9:07  Factory Tech Lab  
  165  9:08  Factory Tech Lab  
  165  9:09  Hellion x2  
  169  9:13  Command Center  
  169  9:14  Battlecruiser  
  175  9:20  Missile Turret  
  175  9:21  Sensor Tower  
  175  9:25  Siege Tank  
  175  9:26  Hellion x2  
  175  9:30  Hellion x2  
  186  9:31  Hellion  
  188  9:47  Thor  
  188  9:50  Supply Depot  
  188  9:52  Command Center  
  194  9:54  Hellion  
  196  10:12  Hellion x2  
  200  10:17  Command Center  
  200  10:25  Command Center, Planetary Fortress  
  200  10:26  Refinery  
  200  10:30  Refinery  
  200  10:32  Factory  
  200  10:36  Factory  
  200  11:12  Command Center  
  200  11:20  Command Center  
  200  11:21  Factory Tech Lab  
  200  11:22  Factory Tech Lab  
Tags
 
Composition
Mech
League
Diamond
Matchup
TvZ
Opening
Pool First
Add a new tag
Caveats
  • Supply blocks, unpowered buildings, or Contaminate may cause inaccurate times.
  • Supply counts are checked every 10 seconds.